 Dungeon Crawl Stone Soup version 0.24.0-1-gfbc8707 (webtiles) character file.

Game seed: 9173919463362663921, levelgen mode: deterministic

126 Buxparty the Skirmisher (level 4, 0/36 HPs)
             Began as a Mummy Fighter on Jan 7, 2020.
             Slain by an orc priest (4 damage)
             ... on level 3 of the Dungeon.
             The game lasted 00:04:40 (2418 turns).

Buxparty the Skirmisher (Mummy Fighter)             Turns: 2418, Time: 00:04:41

Health: 0/36       AC:  9    Str: 20    XL:     4   Next: 84%
Magic:  4/4        EV:  7    Int:  7    God:
Gold:   199        SH:  9    Dex: 11    Spells: 3/3 levels left

rFire    x . .     SeeInvis .   a - +0 war axe
rCold    + . .     Gourm    .   c - +0 shield
rNeg     + + +     Faith    .   b - +0 scale mail
rPois    ∞         Spirit   .   f - +0 helmet
rElec    .         Reflect  .   (no cloak)
rCorr    .         Harm     .   i - +0 pair of gloves
MR       .....                  (no boots)
Stlth    +.........             (no amulet)
HPRegen  0.12/turn              j - ring of stealth
MPRegen  0.09/turn              (no ring)

@: no status effects
A: no food or potions, fire vulnerability, cold resistance 1, negative energy
resistance 3, torment resistance, unbreathing
a: no special abilities


You were on level 3 of the Dungeon.
You were not hungry.

You visited 1 branch of the dungeon, and saw 3 of its levels.

You collected 199 gold pieces.

Inventory:

Hand Weapons
 a - a +0 war axe (weapon)
 k - a +3 hunting sling
Missiles
 m - 6 curare-tipped darts (quivered)
Armour
 b - a +0 scale mail (worn)
 c - a +0 shield (worn)
 f - a +0 helmet (worn)
 i - a +0 pair of gloves (worn)
Jewellery
 j - a ring of stealth (left hand)
Wands
 l - a wand of polymorph (5)
Scrolls
 d - a scroll of remove curse {unknown}
 e - a scroll of blinking {unknown}
 g - 3 scrolls of identify {unknown}
 h - a scroll of fog {unknown}


   Skills:
 + Level 3.6 Fighting
 * Level 2.9 Axes
 + Level 3.0 Armour
 + Level 3.0 Shields


You had 3 spell levels left.
You didn't know any spells.
Your spell library was empty.

Dungeon Overview and Level Annotations

Branches:
Dungeon (3/15)

Altars:

Annotations:
D:3 Grinder


Innate Abilities, Weirdness & Mutations

You do not eat or drink.
Your flesh is vulnerable to fire.
You are immune to poison.
Your flesh is cold resistant. (rC+)
You are immune to negative energy. (rN+++)
You are immune to unholy pain and torment.
You can survive without breathing.


Message History

The orc priest barely misses you.
Your shield and scale mail prevent you from hitting the orc priest.
The orc priest is moderately wounded.
The orc priest hits you.
* * * LOW HITPOINT WARNING * * *
You block the orc priest's attack.
You hit the orc priest but do no damage.
The orc priest is moderately wounded.
The orc priest barely misses you.
You closely miss the orc priest.
The orc priest is moderately wounded.
The orc priest barely misses you.
Your shield and scale mail prevent you from hitting the orc priest.
The orc priest is moderately wounded.
You block the orc priest's attack.
The orc priest hits you but does no damage.
You closely miss the orc priest.
The orc priest is moderately wounded.
The orc priest hits you.
You die...

..# ....8....o8..# ..#
........o...##########
..#
.......o.............#
..##
##.###.####.#####.....
...# ####.###.#
#)......<#.. ##.#
#........# #..#.#.#.#..
.#.# #......###
#..#.#...... .#.#
#......######..#.#.###..
...#
#.....o@.......#.#......
...#
#......######.##.####..#
...#####
#.......#####.##.####..#
.......#
#####......##.##.......#
....##.#
#####......##.#######.##
.......###...#......##.#
###.#
.....#..#..#........##.#
#...#
....###...###.....####.#
#.###
.....#.....#....[..# #.#
#.#


You could see an orc priest.

Vanquished Creatures
  A hound (D:2)
  An orc wizard (D:3)
  2 adders (D:2)
  An ooze (D:3)
  2 worms (D:3)
  A dart slug (D:1)
  A leopard gecko (D:1)
  An orc (D:3)
  A giant cockroach (D:2)
  6 goblins
  5 hobgoblins
  5 bats
  2 frilled lizards (D:1)
  4 kobolds
  4 rats
37 creatures vanquished.

Notes
Turn   | Place    | Note
-------+----------+-------------------------------------------
     0 | D:1      | Buxparty the Mummy Fighter began the quest for the Orb.
     0 | D:1      | Reached XP level 1. HP: 18/18 MP: 1/1
   128 | D:1      | Reached XP level 2. HP: 13/24 MP: 2/2
   759 | D:2      | Reached XP level 3. HP: 7/29 MP: 3/3
  1098 | D:2      | Reached XP level 4. HP: 20/35 MP: 4/4
  1736 | D:3      | Noticed Grinder
  2418 | D:3      | Slain by an orc priest

Levels and vault maps discovered:
D:1:      doesnt_arrival_eight_statues, layout_basic
D:2:      layout_loops_ring, first_ration
D:3:      layout_basic, overflow_temple_1_default, st_stairs_1,
          minmay_strange_pillars, minmay_misc_feat_hallway, uniq_grinder

Skill      XL: |  1  2  3  4 |
---------------+-------------+-----
Axes           | 2 |  2.9
Armour         | 3 |  3.0
Shields        | 3 |  3.0
Fighting       | |  3.6

Action                   |  1- 3 |  4- 6 || total
-------------------------+-------+-------++-------
Melee: War axe           |    91 |    74 ||   165
Armor: Scale mail        |    57 |    28 ||    85
Dodge: Dodged            |    46 |    19 ||    65
Block: Shield            |    56 |    29 ||    85
